 Dungeon Crawl Stone Soup version 0.27.1 (webtiles) character file.

Game seed: 5346165952967617900

513 comborobin the Ruffian (level 7, -3/57 (58) HPs)
             Began as a Palentonga Warper on Aug 24, 2021.
             Slain by Crazy Yiuf (10 damage)
             ... on level 4 of the Dungeon.
             The game lasted 00:09:16 (5038 turns).

comborobin the Ruffian (Palentonga Warper)          Turns: 5038, Time: 00:09:17

HP:   -3/57 (58)    AC: 13    Str: 15    XL:     7   Next: 0%
MP:   8/12          EV:  9    Int: 13    God:
Gold: 217           SH:  0    Dex: 11    Spells: 11/13 levels left

rFire    . . .     SeeInvis +   b - +1 dagger (drain)
rCold    + . .     Faith    .   (no shield)
rNeg     . . .     Spirit   .   a - +0 leather armour
rPois    .         Reflect  .   (no helmet)
rElec    .         Harm     .   n - +1 cloak
rCorr    .         Rampage  .   (no gloves)
Will     +....                  (no barding)
Stlth    +.........             h - amulet of regeneration
HPRegen  1.19/turn              l - ring of willpower
MPRegen  0.13/turn              i - ring of protection from cold

@: lightly drained, curled up
A: large, rugged brown scales 3, see invisible, deformed body, roll 1, armoured
tail, reflexive curl
a: Rolling Charge


You were on level 4 of the Dungeon.
You visited 2 branches of the dungeon, and saw 7 of its levels.

You collected 217 gold pieces.

Inventory:

Hand Weapons
 b - a +1 dagger of draining (weapon)
 g - a +0 halberd
Missiles
 c - 4 boomerangs of dispersal (quivered)
Armour
 a - a +0 leather armour (worn)
 n - a +1 cloak (worn)
Jewellery
 h - an amulet of regeneration (around neck)
 i - a ring of protection from cold (right hand)
 l - a ring of willpower (left hand)
 m - a ring of fire
Scrolls
 d - 2 scrolls of teleportation {unknown}
 e - 2 scrolls of identify
 j - 2 scrolls of noise
 o - 3 scrolls of immolation
 q - 2 scrolls of blinking
 r - 2 scrolls of fear {unknown}
Potions
 f - a potion of haste {unknown}
 k - a potion of heal wounds
 p - a potion of curing {unknown}
 s - a potion of flight {unknown}
 t - a potion of lignification {unknown}


   Skills:
 + Level 4.6 Fighting
 - Level 0.3 Short Blades
 - Level 0.7 Throwing
 - Level 1.2 Armour
 - Level 1.8 Dodging
 + Level 4.6 Unarmed Combat
 + Level 3.5 Spellcasting
 - Level 3.3 Translocations


You had 11 spell levels left.
You knew the following spells:

 Your Spells              Type           Power      Damage    Failure   Level
a - Blink                 Tloc           N/A        N/A       11%         2

Your spell library contained the following spells:

 Spells                   Type           Power      Damage    Failure   Level
 Gell's Gravitas          Tloc           5%         N/A       21%         3
 Lesser Beckoning         Tloc           5%         N/A       21%         3
 Teleport Other           Tloc           10%        N/A       21%         3
 Summon Guardian Golem    Hex/Summ       2%         N/A       63%         3
 Manifold Assault         Tloc           10%        N/A       88%         5
 Orb of Destruction       Conj           1%         N/A       100%        7
 Spellforged Servitor     Conj/Summ      1%         N/A       100%        7
 Chain Lightning          Conj/Air       1%         3d1       100%        9
 Fire Storm               Conj/Fire      1%         7d1       100%        9


Dungeon Overview and Level Annotations

Branches:
Dungeon (6/15)             Temple (1/1) D:4

Altars:
Ashenzari
Dithmenos
Elyvilon
Fedhas
Hepliaklqana
Makhleb
Qazlal
Sif Muna
Trog
Vehumet
Wu Jian

Shops:
D:1 ?:==*

Annotations:
D:4 Crazy Yiuf


Innate Abilities, Weirdness & Mutations

You are completely covered in rugged brown scales. (AC +3, +7% HP)
You have supernaturally acute eyesight. (SInv)
Armour fits poorly on your strangely shaped body.
You can roll at nearby foes to attack.
You have a long armoured tail.
You curl defensively after being hit.


Message History

Crazy Yiuf is heavily wounded.
Crazy Yiuf misses you.
You hit Crazy Yiuf but do no damage.
Crazy Yiuf is heavily wounded.
Crazy Yiuf hits you with a +3 quarterstaff of chaos.
You are poisoned.
You hit Crazy Yiuf.
Crazy Yiuf is severely wounded.
You feel sick.
Crazy Yiuf hits you with a +3 quarterstaff of chaos.
You resist with almost no effort.
You barely miss Crazy Yiuf.
Crazy Yiuf is severely wounded.
You feel sick.
Crazy Yiuf hits you with a +3 quarterstaff of chaos.
You are electrocuted!!
* * * LOW HITPOINT WARNING * * *
You barely miss Crazy Yiuf.
Crazy Yiuf is severely wounded.
You feel sick.
Crazy Yiuf hits you with a +3 quarterstaff of chaos.
* * * LOW HITPOINT WARNING * * *
You hit Crazy Yiuf but do no damage.
Crazy Yiuf is severely wounded.
You feel sick. Crazy Yiuf barely misses you.
You hit Crazy Yiuf. You tail-slap Crazy Yiuf.
Crazy Yiuf is almost dead.
You feel sick. Crazy Yiuf closely misses you.
You barely miss Crazy Yiuf. You tail-slap Crazy Yiuf.
Crazy Yiuf is almost dead.
You feel sick.
You are no longer poisoned.
Crazy Yiuf hits you with a +3 quarterstaff of chaos.
* * * LOW HITPOINT WARNING * * *
You feel your power leaking away.
You hit Crazy Yiuf but do no damage.
Your tail-slap misses Crazy Yiuf.
Crazy Yiuf is almost dead.
Crazy Yiuf cries, "Fire!
Lay shoe high."
Crazy Yiuf hits you with a +3 quarterstaff of chaos!
You die...

#.....###...#.#.................
#...............................
#....)#.#........>...........(..
#.....#.################...#####
####....# #.#.# #.#### #.#.#
#.#### ### ♣♣##.#.# #....#
#).)#♣♣ ♣♣......# #.####
#..)g@♣♣♣♣......## ## #####.#
#)..#♣))♣......######. .)....#
### ♣♣♣.♣)........... #######
♣♣♣♣♣##.[...... #........ #####
#........ #.#.# #........
#####.#.######........
#[.......<...........#


You could see Crazy Yiuf (drained).

Vanquished Creatures
  A necrophage (D:4)
  An ogre (D:6)
  A scorpion (D:4)
  A hound (D:4)
  A jelly (D:4)
  2 orc wizards (D:3)
  8 gnolls
  An ufetubus (D:4)
  2 adder skeletons (D:4)
  A worm (D:4)
  8 orcs
  4 ball pythons
  12 endoplasms
  3 giant cockroaches
  8 goblins
  8 hobgoblins
  2 quokkas (D:4)
  7 bats
  2 frilled lizards
  10 kobolds
  A quokka skeleton (D:4)
  9 rats
93 creatures vanquished.

Notes
Turn   | Place    | Note
-------+----------+-------------------------------------------
     0 | D:1      | comborobin the Palentonga Warper began the quest for the
                  | Orb.
     0 | D:1      | Reached XP level 1. HP: 17/17 MP: 3/3
   424 | D:1      | Reached skill level 1 in Armour
   798 | D:1      | Reached XP level 2. HP: 15/21 MP: 5/5
  1349 | D:1      | Found Nytoahih's General Store.
  1570 | D:1      | Found Bukaniacw's Jewellery Shoppe.
  1598 | D:1      | Reached XP level 3. HP: 28/28 MP: 6/6
  1607 | D:1      | Found Xaci Mil's Jewellery Emporium.
  1642 | D:1      | Found Nyre's Book Shoppe.
  1676 | D:1      | Found a faded altar of an unknown god.
  1693 | D:1      | Found Visaos's Magic Scroll Emporium.
  1996 | D:2      | Learned a level 2 spell: Blink
  2825 | D:2      | Found a bloodstained altar of Trog.
  2963 | D:2      | Reached XP level 4. HP: 36/36 MP: 7/7
  3151 | D:3      | Reached XP level 5. HP: 43/43 MP: 8/8
  3194 | D:3      | You fall into a shaft and drop 2 floors!
  3194 | D:5      | Entered Level 5 of the Dungeon
  3194 | D:5      | Noticed an ogre
  3213 | D:6      | Noticed an ogre
  3221 | D:6      | Killed an ogre
  3422 | D:4      | Found a staircase to the Ecumenical Temple.
  3433 | Temple   | Entered the Ecumenical Temple
  3581 | D:4      | Reached XP level 6. HP: 46/51 MP: 10/10
  3920 | D:4      | Found a runed translucent door.
  3921 | D:4      | Noticed Crazy Yiuf
  4616 | D:3      | Found an ornate altar of the Wu Jian Council.
  4616 | D:3      | Found a broken altar of Ashenzari.
  4725 | D:3      | Gained mutation: You curl defensively after being hit.
                  | [Palentonga growth]
  4725 | D:3      | Reached XP level 7. HP: 28/58 MP: 12/12
  5038 | D:4      | Slain by Crazy Yiuf

Illustrated notes

Levels and vault maps discovered:
D:1:      elethiomel_arrival_infinity_welcomes_careful_drivers, layout_rooms,
          serial_shops, shop, shop, nicolae_square_shop, shop_statue,
          nicolae_shop_window_shopping, shapermc_ecumenical_altar_pompeii,
          corner_web_ring, st_stairs_8, minmay_hexomino_c4
D:2:      layout_loops_corners, basic_altar, hangedman_decor_slide_cut
D:3:      layout_loops_corners, gammafunk_temple_overflow_elements
D:4:      layout_loops_cross, minmay_temple_entry_hall, uniq_crazy_yiuf_cottage
D:5:      layout_basic, kennysheep_donut
D:6:      layout_rooms, mainiacjoe_overflow_surrounded_room
Temple:   kb_temple_of_zot

Skill      XL: |  1  2  3  4  5  6 |
---------------+-------------------+-----
Armour         | 1 |  1.2
Unarmed Combat | 3 4 |  4.6
Fighting       | 3 4 |  4.6
Spellcasting   | 3 |  3.5
Short Blades   | |  0.3
Throwing       | |  0.7
Dodging        | |  1.8
Translocations | |  3.3

Action                   |  1- 3 |  4- 6 |  7- 9 || total
-------------------------+-------+-------+-------++-------
Melee: Unarmed           |    26 |     9 |       ||    35
       Tailslap          |    12 |    24 |     3 ||    39
       Dagger            |    95 |   185 |    15 ||   295
       Punch             |     2 |     2 |       ||     4
Throw: Boomerang         |     1 |       |       ||     1
 Abil: Rolling Charge    |     1 |     3 |       ||     4
  Use: Scroll            |     4 |     1 |       ||     5
Armor: Leather armour    |    54 |    96 |       ||   150
Dodge: Dodged            |    58 |   107 |     6 ||   171
